Construct Infanterie Kompanie
Selects Mechanized Battlegroup
Construct Panzergrenadier Kompanie
Pak 40 Anti-tank Gun Team
Infanterie Officer Quarters
Selects Wespe Self-propelled Artillery
Wespe Self-propelled Artillery
Panzergrenadier Officer Quarters
Wespe Self-propelled Artillery
Selects Zeroing Artillery Barrage
Zeroing Artillery Barrage
Pak 40 Anti-tank Gun Team
Pak 40 Anti-tank Gun Team
Selects 8 Rad Armored Car
Selects Panther Heavy Tank
Zeroing Artillery Barrage
Zeroing Artillery Barrage
Wespe Self-propelled Artillery
Wespe Self-propelled Artillery
Construct Luftwaffe Kompanie